 Dungeon Crawl Stone Soup version 0.29.1-15-g9cfb28693d (webtiles) character file.

Game seed: 17365494235281461850

5329 3MM3RICH the Severer (level 10, -5/88 HPs)
             Began as a Minotaur Fighter on Oct 12, 2022.
             Was a Believer of Trog.
             Slain by an orc knight
             ... wielding a +0 halberd
              (23 damage)
             ... in a bailey on Apr 23, 2023.
             The game lasted 00:33:24 (9712 turns).

3MM3RICH the Severer (Minotaur Fighter)             Turns: 9712, Time: 00:33:54

Health: -5/88      AC: 12    Str: 31    XL:     10   Next: 38%
Magic:  9/9        EV:  7    Int:  5    God:    Trog [**....]
Gold:   617        SH:  0    Dex: 10    Spells: 9/9 levels left

rFire   . . .      SeeInvis .   z - +2 battleaxe (elec)
rCold   + . .      Faith    .   (shield currently unavailable)
rNeg    . . .      Spirit   .   m - +0 plate armour
rPois   .          Reflect  .   (helmet restricted)
rElec   .          Harm     .   (no cloak)
rCorr   .          Rampage  .   (no gloves)
Will    .....                   b - +0 pair of boots
Stlth   ..........              (no amulet)
HPRegen 0.24/turn               o - ring of protection from cold
MPRegen 0.11/turn               D - +6 ring of strength

@: mighty, on berserk cooldown, slowed, very slow
A: horns 2, retaliatory headbutt
a: Renounce Religion, Berserk, Trog's Hand


You were in a bailey.
You worshipped Trog.
Trog was pleased with you.
You visited 2 branches of the dungeon, and saw 9 of its levels.
You also visited: Bailey.

You collected 617 gold pieces.

Inventory:

Hand Weapons
 z - a +2 battleaxe of electrocution (weapon)
Missiles
 n - 2 throwing nets (quivered)
 s - a curare-tipped dart
 t - 3 poisoned darts
 y - 9 boomerangs
Armour
 b - a +0 pair of boots (worn)
 m - a +0 plate armour (worn)
Jewellery
 o - a ring of protection from cold (left hand)
 D - a +6 ring of strength (right hand)
Wands
 B - a wand of acid (12)
Scrolls
 a - a scroll of summoning
 e - a scroll of immolation
 f - 2 scrolls of noise
 h - 3 scrolls of enchant armour
 j - 8 scrolls of teleportation
 r - a scroll of enchant weapon
 u - a scroll of fog {unknown}
 v - a scroll of fear {unknown}
 w - 3 scrolls of poison {unknown}
 x - 2 scrolls of magic mapping {unknown}
 E - a scroll of silence {unknown}
 F - 2 scrolls of blinking
Potions
 g - 4 potions of degeneration {unknown}
 i - 7 potions of brilliance
 k - 2 potions of mutation {unknown}
 l - a potion of attraction {unknown}
 p - a potion of ambrosia {unknown}
 q - a potion of lignification {unknown}
 A - a potion of berserk rage {unknown}
 C - 2 potions of resistance {unknown}
 G - a potion of cancellation {unknown}
 H - 2 potions of magic {unknown}


   Skills:
 + Level 7.9 Fighting
 - Level 1.3(1.6) Short Blades
 - Level 1.3(1.7) Long Blades
 - Level 16.0 Axes
 - Level 1.1(10.5) Maces & Flails
 - Level 1.2(10.5) Polearms
 - Level 1.1(1.6) Staves
 - Level 1.0 Ranged Weapons
 - Level 0.2 Throwing
 - Level 3.7 Armour
 - Level 1.5 Stealth
 - Level 3.7 Shields
 - Level 1.0 Unarmed Combat
 - Level 1.0 Invocations
 - Level 0.8 Evocations


You had 9 spell levels left.
You didn't know any spells.
Your spell library contained the following spells:

 Spells                   Type           Power      Damage    Failure   Level
 Apportation              Tloc           0%         N/A       99%         1
 Foxfire                  Conj/Fire      0%         2x1d4     99%         1
 Magic Dart               Conj           0%         1d3       99%         1
 Call Imp                 Summ           0%         N/A       100%        2
 Confusing Touch          Hex            0%         N/A       100%        3
 Conjure Flame            Conj/Fire      0%         6-21      100%        3
 Inner Flame              Hex/Fire       0%         N/A       100%        3
 Mephitic Cloud           Conj/Pois/Air  0%         N/A       100%        3
 Ozocubu's Armour         Ice            0%         N/A       100%        3
 Flame Wave               Conj/Fire      0%         2d4       100%        4
 Alistair's Intoxication  Tmut/Pois      0%         N/A       100%        5
 Metabolic Englaciation   Hex/Ice        0%         N/A       100%        5
 Yara's Violent Unravell  Hex/Tmut       0%         3d3       100%        5
 Simulacrum               Ice/Necr       0%         N/A       100%        6
 Enfeeble                 Hex            0%         N/A       100%        7


Dungeon Overview and Level Annotations

Branches:
Dungeon (8/15)             Temple (1/1) D:6          Bailey (1/1)
   Lair: D:8-11

Altars:
Ashenzari
Dithmenos
Gozag
Hepliaklqana
Kikubaaqudgha
Nemelex Xobeh
Okawaru
Trog

Shops:
D:2 (!=*=   D:4 [

Annotations:
D:6 3 runed translucent doors, laial's ghost, novice SpEn
D:7 1 runed translucent door, 101zpm's ghost, novice DjFE


Innate Abilities, Weirdness & Mutations

You have a pair of horns on your head.
You reflexively headbutt those who attack you in melee.


Message History

The orc warrior completely misses you.
You closely miss the orc warrior. Your headbutt misses the orc warrior.
The orc warrior is moderately wounded.
The orc knight hits you from afar with a +0 halberd.
The orc warrior hits you with a +0 halberd!
You closely miss the orc warrior.
The orc warrior is moderately wounded.
The orc knight hits you from afar with a +0 halberd!
The orc warrior hits you with a +0 halberd!
You are too injured to fight recklessly!
You are too injured to fight recklessly!
You feel very mighty all of a sudden.
You feel the effects of Trog's Hand fading.
The orc knight hits you from afar with a +0 halberd!!
* * * LOW HITPOINT WARNING * * *
The orc warrior hits you but does no damage.
The orc knight hits you from afar with a +0 halberd!
* * * LOW HITPOINT WARNING * * *
The orc warrior hits you with a +0 halberd!
* * * LOW HITPOINT WARNING * * *
You feel much better.
The orc knight hits you from afar with a +0 halberd!
* * * LOW HITPOINT WARNING * * *
The orc warrior hits you with a +0 halberd!
* * * LOW HITPOINT WARNING * * *
Blink to where?
Press: ? - help, Dir - move target
Okay, then.
Blink to where?
Press: ? - help, Q - select action, (/) - cycle Dir - move target
Found a gate leading back out of this place.
As you read the scroll of blinking, it crumbles to dust.
You feel much better.
a - a scroll of summoning Your skin stops crawling.
You feel less strong-willed.
The orc warrior no longer looks unusually strong.
The orc knight hits you from afar with a +0 halberd!!
* * * LOW HITPOINT WARNING * * *
The orc knight hits you from afar with a +0 halberd!!
You die...

#######
##..∩..##
#.......#
#..?@...#
#..???..#
#..?o?..#
#...o...#
#.......#
#.......#
#.......#
#.......#
#.......#


You could see an orc knight and an orc warrior.

Vanquished Creatures
  An orc knight (Bailey)
  2 slime creatures (D:5)
  Grinder (D:5)
  2 steam dragons
  2 water moccasins (D:6)
  5 orc warriors
  An ice beast (D:8)
  2 sky beasts
  A black bear (D:6)
  An ogre (D:5)
  A centaur (D:6)
  2 phantoms
  2 kobold brigands (D:5)
  2 bullfrogs (D:7)
  2 necrophages
  Blork the orc (D:6)
  4 scorpions
  9 wights
  9 killer bees
  A howler monkey (D:4)
  2 gnoll boudas (D:7)
  A hound (D:5)
  5 jellies
  5 orc priests
  Natasha (D:2)
  3 iguanas
  9 orc wizards
  13 gnolls
  7 adders
  2 shadow imps (D:6)
  2 ufetubi
  A worm (D:2)
  4 dart slugs
  45 orcs
  6 ball pythons
  6 bats
  13 endoplasms
  4 giant cockroaches
  6 goblins
  6 hobgoblins
  6 quokkas
  2 frilled lizards (D:1)
  11 kobolds
  8 rats
219 creatures vanquished.

Vanquished Creatures (others)
  9 demonic plants (D:2)
  36 fungi
  2 plants
  9 toadstools (D:5)
  2 withered plants (D:2)
58 creatures vanquished.

Grand Total: 277 creatures vanquished

Notes
Turn   | Place    | Note
-------+----------+-------------------------------------------
     0 | D:1      | 3MM3RICH the Minotaur Fighter began the quest for the Orb.
     0 | D:1      | Reached XP level 1. HP: 19/19 MP: 0/0
   246 | D:1      | Reached XP level 2. HP: 27/27 MP: 1/1
   249 | D:1      | Reached skill level 3 in Axes
   309 | D:1      | Upgraded the game from 0.29.1-1-gd02db6906a to
                  | 0.29.1-15-g9cfb28693d
   805 | D:1      | Reached XP level 3. HP: 33/33 MP: 2/2
   990 | D:1      | Reached skill level 4 in Axes
  1252 | D:2      | Found Jeciusm's General Store.
  1485 | D:2      | Found Uzovausa's Antique Weapon Shoppe.
  1666 | D:2      | Found Sirivump's Jewellery Shoppe.
  2042 | D:2      | Found Habium's Distillery.
  2060 | D:2      | Found a faded altar of an unknown god.
  2354 | D:2      | Noticed Natasha
  2357 | D:2      | Reached XP level 4. HP: 33/40 MP: 3/3
  2365 | D:2      | Killed Natasha
  2366 | D:2      | Reached skill level 5 in Axes
  2543 | D:2      | Found Amattas's Jewellery Shop.
  3230 | D:4      | Reached skill level 6 in Axes
  3230 | D:4      | Reached XP level 5. HP: 46/46 MP: 4/4
  3245 | D:4      | Found Ethuymar's Antique Armour Boutique.
  3275 | D:4      | Found a broken altar of Ashenzari.
  3279 | D:4      | Found a shadowy altar of Dithmenos.
  3411 | D:4      | Found a sparkling altar of Nemelex Xobeh.
  3494 | D:4      | Found a hazy altar of Hepliaklqana.
  4384 | D:4      | Reached skill level 7 in Axes
  4384 | D:4      | Reached XP level 6. HP: 49/52 MP: 5/5
  4518 | D:5      | Entered Level 5 of the Dungeon
  4627 | D:5      | Reached skill level 8 in Axes
  4700 | D:5      | Reached XP level 7. HP: 58/58 MP: 6/6
  4713 | D:5      | Reached skill level 9 in Axes
  4895 | D:5      | Reached skill level 1 in Stealth
  4954 | D:5      | Noticed Grinder
  4964 | D:5      | Paralysed by Grinder for 3 turns
  4971 | D:5      | Paralysed by Grinder for 5 turns
  4982 | D:5      | Paralysed by Grinder for 5 turns
  4992 | D:5      | Killed Grinder
  4993 | D:5      | Reached skill level 10 in Axes
  5257 | D:5      | Reached XP level 8. HP: 63/66 MP: 7/7
  5261 | D:5      | Reached skill level 11 in Axes
  5388 | D:5      | Noticed a slime creature
  5388 | D:5      | Noticed a slime creature
  5393 | D:5      | Killed a slime creature
  5404 | D:5      | Killed a slime creature
  5405 | D:5      | Reached skill level 12 in Axes
  6097 | D:6      | Found a runed translucent gate.
  6097 | D:6      | Found a runed translucent gate.
  6097 | D:6      | Found a runed translucent gate.
  6098 | D:6      | Noticed laial's ghost (novice SpEn)
  6112 | D:6      | Reached skill level 13 in Axes
  6413 | D:6      | Reached XP level 9. HP: 65/71 MP: 8/8
  6538 | D:6      | Reached skill level 14 in Axes
  6828 | D:6      | Found a staircase to the Ecumenical Temple.
  6842 | Temple   | Entered the Ecumenical Temple
  6861 | Temple   | Became a worshipper of Trog the Wrathful
  6936 | D:6      | Noticed Blork the orc
  6948 | D:6      | Killed Blork the orc
  7572 | D:7      | Reached skill level 15 in Axes
  7578 | D:7      | Identified the +1 scale mail of Restlessness {-Tele +Inv
                  | Will+ Dex+5}
  7945 | D:7      | Reached * piety under Trog
  8194 | D:7      | Reached skill level 16 in Axes
  8454 | D:7      | Reached skill level 1 in Short Blades
  8479 | D:7      | Found a runed translucent door.
  8480 | D:7      | Noticed 101zpm's ghost (novice DjFE)
  8875 | D:8      | Reached skill level 1 in Polearms
  8993 | D:8      | Reached skill level 1 in Long Blades
  8993 | D:8      | Reached skill level 1 in Maces & Flails
  8993 | D:8      | Reached skill level 1 in Staves
  9007 | D:8      | Reached skill level 1 in Ranged Weapons
  9007 | D:8      | Reached skill level 1 in Unarmed Combat
  9007 | D:8      | Reached skill level 1 in Invocations
  9007 | D:8      | Reached XP level 10. HP: 68/78 MP: 9/9
  9110 | D:8      | Found a flagged portal.
  9112 | D:8      | Reached ** piety under Trog
  9217 | D:8      | Reached skill level 5 in Fighting
  9380 | Bailey   | Entered a bailey
  9485 | Bailey   | HP: 6/124 [orc warrior/+0 glaive (8)]
  9487 | Bailey   | HP: 2/124 [orc warrior/+0 trident (4)]
  9692 | Bailey   | Noticed an orc knight
  9701 | Bailey   | Killed an orc knight
  9702 | Bailey   | Noticed an orc knight
  9708 | Bailey   | HP: 1/88 [orc warrior/+0 halberd (10)]
  9712 | Bailey   | Slain by an orc knight

Illustrated notes

Levels and vault maps discovered:
D:1:      ncdulo_wetmaze, layout_basic
D:2:      layout_basic, serial_shops, nicolae_shop_crystal, shop_fountains,
          shop, nicolae_shop_hallway_stairs, shop, shapermc_ecumenical_altar_gd,
          minmay_misc_feat_alley, uniq_natasha
D:3:      layout_basic
D:4:      layout_layer_cave, nicolae_dithmenos_the_darkroom, kennysheep_mini,
          mainiacjoe_overflow_catch_the_wave, serial_shops, nicolae_shop_trees
D:5:      cheibrodos_fertilizer, layout_rooms, uniq_grinder
D:6:      layout_gridville, minmay_temple_entry_gardened_gates,
          gammafunk_ghost_necromancy, uniq_blork_the_orc
D:7:      layout_basic, gammafunk_ghost_grave
D:8:      layout_cave_pools, enter_bailey_4
Temple:   regret_index_temple_sphere_string
Bailey:   bailey_polearm_5, bailey

Skill      XL: |  1  2  3  4  5  6  7  8  9 10 |
---------------+-------------------------------+-----
Axes           | 3 4 6 7 8 10 13 16 | 16.0
Stealth        | 1 |  1.5
Short Blades   | 1 |  1.3
Polearms       | 1 |  1.2
Long Blades    | 1 |  1.3
Maces & Flails | 1 |  1.1
Staves         | 1 |  1.1
Ranged Weapons | 1 |  1.0
Unarmed Combat | 1 |  1.0
Invocations    | 1 |  1.0
Fighting       | 7 |  7.9
Throwing       | |  0.2
Armour         | |  3.7
Shields        | |  3.7
Evocations     | |  0.8

Action                   |  1- 3 |  4- 6 |  7- 9 | 10-12 || total
-------------------------+-------+-------+-------+-------++-------
Melee: War axe           |    39 |       |       |       ||    39
       Headbutt          |     6 |     8 |    34 |     8 ||    56
       Hand axe          |    59 |    73 |   179 |       ||   311
       Battleaxe         |       |       |   128 |    70 ||   198
Invok: Berserk           |       |       |     1 |     4 ||     5
       Trog's Hand       |       |       |       |     1 ||     1
  Use: Scroll            |       |     3 |     1 |     3 ||     7
       Potion            |       |       |     6 |     5 ||    11
Armor: Scale mail        |    25 |       |       |       ||    25
       Plate armour      |    10 |    34 |   129 |    45 ||   218
       Chain mail        |     8 |       |       |       ||     8
Dodge: Dodged            |    36 |    15 |    75 |    50 ||   176
Block: Buckler           |    13 |    11 |    25 |       ||    49
